Map: Catalyst LE

Players

fruitcake

  • Race: Terran Terran
  • Spawn Location: 5:00

conemar - Winner!

  • Race: Zerg Zerg
  • League: Gold
  • Spawn Location: 11:00

VOD

Have the link to the VOD?

Description

Time

  • Played on: May 12, 2018, 10:20 a.m.
  • Length: 22:52
Show
View Real Time Build Order
Export as new Build Order

fruitcake Terran 

Build Orders:  

Get SALT Encoding   

  12  0:00  SCV  
  13  0:18  SCV, Supply Depot  
  14  0:31  SCV  
  14  0:34  Refinery  
  15  0:47  SCV  
  16  0:53  Barracks  
  16  1:03  SCV  
  17  1:13  Engineering Bay  
  17  1:15  SCV  
  18  1:39  Barracks  
  18  1:42  SCV  
  18  1:45  Marine  
  20  1:54  SCV  
  20  1:59  Refinery  
  21  2:03  Marine  
  21  2:06  SCV  
  23  2:10  Terran Infantry Weapons Level 1  
  23  2:24  Barracks Reactor  
  23  2:33  Barracks Tech Lab  
  23  2:39  Command Center  
  23  2:47  Orbital Command  
  23  3:01  Supply Depot  
  23  3:22  Marine  
  23  3:23  Marauder  
  23  3:24  SCV  
  23  3:26  Factory  
  27  3:28  Marine, Supply Depot  
  28  3:35  Supply Depot  
  28  3:46  Marine, Marauder  
  31  3:49  Marine  
  31  3:52  SCV  
  31  3:54  SCV  
  34  4:04  SCV  
  34  4:06  SCV  
  34  4:09  Supply Depot  
  36  4:12  Refinery  
  36  4:13  Marine  
  36  4:16  Stimpack  
  37  4:21  Marine x2  
  39  4:26  Factory Tech Lab  
  39  4:38  Factory  
  39  4:40  Marine  
  39  4:41  Marauder  
  39  4:42  SCV  
  39  4:43  SCV  
  44  4:52  Terran Infantry Armor Level 1  
  44  4:55  SCV  
  44  4:59  Armory  
  45  5:01  Marine  
  45  5:02  Marine  
  45  5:05  SCV  
  48  5:17  SCV  
  48  5:21  Bunker  
  49  5:22  SCV, Refinery  
  49  5:25  Marine  
  49  5:26  Marine  
  52  5:29  SCV  
  52  5:34  SCV, Marine  
  55  5:37  Factory Tech Lab  
  55  5:41  SCV  
  56  5:42  Marine  
  56  5:43  Siege Tank  
  60  5:52  SCV  
  60  5:54  Orbital Command  
  61  5:59  Marine  
  61  6:00  Marauder  
  64  6:04  SCV  
  64  6:05  Siege Tank  
  64  6:06  Marine  
  69  6:14  Supply Depot  
  69  6:16  SCV  
  70  6:24  Missile Turret  
  70  6:31  Missile Turret  
  70  6:35  Marine x2, Siege Tank  
  70  6:37  Siege Tank  
  70  6:38  Concussive Shells  
  78  6:43  Supply Depot  
  78  7:04  Marine x2, Marauder  
  78  7:05  Supply Depot  
  78  7:06  Terran Vehicle Weapons Level 1  
  78  7:08  Siege Tank  
  85  7:15  Starport  
  85  7:21  Missile Turret  
  85  7:22  Marine  
  86  7:24  Missile Turret  
  86  7:26  Marine  
  86  7:27  Siege Tank, Marauder  
  92  7:40  Marine  
  93  7:44  Marine  
  94  8:06  Starport Tech Lab  
  94  8:08  Starport Reactor  
  94  8:58  SCV  
  94  9:02  Marine x2  
  94  9:03  Marine  
  94  9:06  Siege Tank  
  94  9:08  Siege Tank  
  94  9:20  Marine  
  94  9:25  Marine  
  94  9:55  Marine  
  94  9:56  Marine  
  94  10:18  Terran Infantry Weapons Level 2  
  94  10:20  Supply Depot  
  94  10:21  Terran Vehicle Weapons Level 2  
  94  10:22  Supply Depot  
  94  10:23  Supply Depot  
  94  10:42  Marine x3, SCV, Siege Tank  
  101  10:43  Siege Tank, Medivac x2  
  108  10:54  SCV, Command Center  
  109  10:59  Marine x2  
  109  11:00  Marauder  
  111  11:14  Siege Tank  
  111  11:15  Siege Tank  
  111  11:17  Marine  
  118  11:21  Marine  
  118  11:22  Marauder  
  111  11:35  Marine  
  111  11:39  Marine  
  99  11:43  Marauder  
  99  11:46  Widow Mine  
  102  11:47  Siege Tank  
  102  11:53  Marine  
  88  11:57  Marine  
  58  12:04  Marauder  
  57  12:11  Marine  
  55  12:21  Marine  
  59  12:26  Marauder  
  59  12:29  Marine  
  57  12:39  Marine  
  58  12:46  Marine  
  58  12:47  Marauder  
  61  12:56  Marine  
  62  13:04  Marine  
  63  13:08  Marauder  
  65  13:14  Marine  
  66  13:22  Marine  
  66  13:30  Marauder  
  66  13:32  Marine  
  69  13:40  Marine  
  70  14:00  Command Center  
  69  14:03  Supply Depot x2  
  69  14:05  Supply Depot  
  69  14:26  Supply Depot  
  69  14:30  Supply Depot  
  65  14:51  Marine x2, SCV  
  65  14:52  Marauder  
  70  15:00  Engineering Bay  
  70  15:03  SCV  
  70  15:07  Supply Depot  
  71  15:11  Marine x2  
  71  15:13  Marauder  
  75  15:15  SCV  
  74  15:22  Command Center  
  74  15:28  SCV  
  69  15:29  Marine x2  
  69  15:30  Supply Depot  
  69  15:34  Marauder  
  73  15:36  Factory  
  73  15:40  SCV  
  72  15:47  Marine x2  
  74  15:51  SCV  
  74  15:52  Supply Depot  
  74  15:55  SCV  
  74  15:56  Marauder  
  78  15:58  Refinery  
  78  16:01  Refinery  
  78  16:03  SCV  
  79  16:07  SCV  
  80  16:15  SCV  
  80  16:16  Supply Depot  
  80  16:17  Marauder  
  73  16:19  SCV  
  73  16:21  Factory  
  66  16:27  SCV  
  66  16:31  SCV  
  61  16:37  Missile Turret  
  61  16:39  SCV, Supply Depot  
  54  16:43  SCV  
  55  16:52  SCV  
  54  16:55  SCV  
  48  17:04  SCV  
  48  17:06  Factory  
  48  17:07  Factory Reactor  
  47  17:08  Cyclone  
  39  17:27  Marine x2  
  37  17:34  Planetary Fortress  
  34  17:40  Cyclone  
  37  17:45  Marine x2  
  37  17:48  Cyclone x2  
  44  18:03  Marine x2  
  46  18:08  Supply Depot  
  46  18:12  Cyclone, Refinery  
  49  18:15  Refinery  
  48  18:27  Factory Reactor  
  48  18:37  Engineering Bay  
  48  18:38  Orbital Command  
  48  18:55  Supply Depot  
  48  18:58  Supply Depot  
  48  19:20  Cyclone x2, Starport  
  54  19:30  Starport  
  54  19:42  Marine x2, SCV x2  
  54  19:44  Supply Depot  
  58  19:49  Supply Depot  
  58  19:52  Cyclone  
  61  19:55  SCV  
  62  20:05  Marine x2  
  62  20:07  SCV  
  65  20:11  Starport Tech Lab  
  65  20:12  Starport Tech Lab  
  65  20:19  SCV x2  
  67  20:23  Marine x2  
  69  20:31  SCV x2  
  71  20:39  Factory Tech Lab  
  71  20:41  Marine x2  
  72  20:43  SCV x2  
  51  20:55  SCV  
  51  20:56  SCV  
  33  21:30  Raven  
  33  21:41  SCV  
Show
View Real Time Build Order
Export as new Build Order

conemar Zerg - Winner!

Build Orders: Pool First, Lurkers 

Get SALT Encoding   

  12  0:02  Drone  
  13  0:09  Drone  
  14  0:17  Overlord  
  14  0:35  Spawning Pool  
  13  0:38  Drone  
  13  0:42  Drone  
  15  0:46  Drone  
  16  0:51  Drone  
  17  1:00  Drone  
  18  1:14  Drone  
  19  1:22  Queen  
  19  1:25  Drone  
  22  1:38  Hatchery  
  22  1:39  Overlord  
  21  1:46  Drone  
  22  2:04  Drone x2  
  25  2:15  Drone  
  25  2:18  Extractor  
  25  2:21  Extractor  
  23  2:26  Drone  
  24  2:34  Overlord  
  24  2:35  Drone x2  
  26  2:49  Drone  
  27  2:53  Spine Crawler  
  26  2:59  Spine Crawler  
  26  3:03  Spine Crawler  
  24  3:06  Drone x4  
  24  3:08  Metabolic Boost  
  24  3:11  Drone  
  29  3:15  Queen  
  29  3:16  Drone x3  
  34  3:25  Lair  
  34  3:28  Drone  
  35  3:42  Zergling x6  
  35  3:44  Overlord  
  35  3:48  Drone x2  
  40  3:50  Drone  
  41  4:16  Drone x4  
  41  4:17  Drone  
  46  4:29  Drone x5  
  46  4:30  Drone  
  52  4:33  Extractor  
  52  4:36  Extractor  
  50  4:42  Hydralisk Den  
  49  4:46  Evolution Chamber  
  49  4:49  Evolution Chamber  
  47  4:55  Drone x2  
  49  5:02  Evolution Chamber  
  49  5:03  Drone  
  49  5:04  Drone x2  
  51  5:11  Overlord  
  51  5:12  Overlord  
  51  5:13  Drone  
  52  5:15  Zerg Melee Weapons Level 1  
  52  5:17  Grooved Spines  
  52  5:18  Zerg Missile Weapons Level 1  
  52  5:27  Overlord x2  
  52  5:33  Zerg Ground Armor Level 1, Hydralisk  
  52  5:34  Hydralisk x2  
  58  5:37  Pneumatized Carapace  
  58  5:44  Overseer  
  58  5:52  Drone x4  
  58  5:53  Drone x2  
  64  6:20  Hydralisk x4  
  64  6:21  Hydralisk  
  64  6:22  Overlord  
  74  6:26  Hydralisk  
  76  6:50  Lurker Den  
  76  6:51  Hatchery  
  74  6:55  Hydralisk  
  74  6:56  Hydralisk  
  78  7:27  Extractor  
  78  7:28  Extractor  
  78  7:29  Zerg Melee Weapons Level 2  
  76  7:41  Overseer  
  76  7:48  Overseer  
  76  8:04  Drone  
  77  8:05  Queen  
  79  8:15  Hydralisk  
  79  8:16  Hydralisk x5  
  91  8:22  Overlord x2  
  91  8:23  Overlord x3  
  91  8:28  Spore Crawler  
  90  8:35  Spore Crawler  
  90  8:41  Spore Crawler, Hydralisk x2  
  88  8:42  Hydralisk x3  
  88  8:46  Zerg Ground Armor Level 2  
  80  9:12  Zergling x6  
  75  9:32  Lurker x3  
  75  9:33  Lurker x2  
  75  9:36  Hydralisk  
  75  9:37  Hydralisk  
  84  9:50  Lair  
  84  10:33  Spawning Pool  
  83  10:59  Zerg Missile Weapons Level 2  
  83  11:05  Hydralisk Den  
  62  12:40  Lurker Den  
  62  12:41  Hydralisk x2  
  62  12:42  Hydralisk x7  
  62  12:43  Hydralisk x6  
  62  12:44  Hydralisk  
  87  14:58  Infestation Pit  
  87  14:59  Lurker x3  
  91  15:00  Lurker x3  
  91  15:01  Hydralisk x5  
  91  15:06  Spore Crawler  
  92  15:52  Hive  
  92  15:56  Hydralisk x2  
  92  15:57  Hydralisk x3  
  57  16:45  Hydralisk x6  
  69  17:03  Hatchery  
  68  17:10  Hatchery  
  64  17:39  Hydralisk x3  
  64  17:40  Hydralisk x2  
  74  18:27  Lurker  
  74  18:29  Lurker x2  
  77  18:48  Drone x3  
  80  18:54  Queen  
  82  19:24  Queen  
  82  19:25  Hydralisk x3  
  82  19:28  Overseer  
  82  19:30  Extractor  
  89  19:32  Zerg Melee Weapons Level 3  
  89  19:33  Extractor  
  88  19:45  Evolution Chamber  
  87  19:47  Evolution Chamber  
  87  19:52  Hydralisk x2  
  86  19:53  Hydralisk  
  92  20:06  Drone x4  
  96  20:10  Drone x2  
  96  20:11  Drone  
  99  20:17  Drone x2  
  101  20:24  Drone x6  
  101  20:25  Drone x2  
  101  20:28  Drone  
  73  21:33  Hydralisk x3  
  79  21:41  Hydralisk x6  
  91  21:50  Hydralisk x4  
  99  22:16  Hydralisk x6  
Tags
 
Composition
Lurkers
League
Gold
Matchup
TvZ
Opening
Pool First
Spawn Locations
Cross Positions
Add a new tag
Caveats
  • Supply blocks, unpowered buildings, or Contaminate may cause inaccurate times.
  • Supply counts are checked every 10 seconds.